AoeStats
← The Potato King

MegaRandom

510469252Analyzed
2v2 RM · 3d ago on Oct 1, 2026· 24m 10s· 4 players
Game mode
Random Map
Map size
Medium (4 player)
Population
200
Speed
Normal
Resources
Standard
Victory
Conquest
Starting age
Dark Age
Ending age
Imperial Age
RankedLock teamsTeams togetherTeam positionsShared explorationLock speedFull tech treeHidden civsTurbo modeCheats
Victory
Defeat
🇬🇧 Franks · United Kingdom
1219
+19
🇬🇧 Franks · United Kingdom
1202
+19
🇺🇸 Vietnamese · United States
1287
-19
🇺🇸 Mongols · United States
1287
-19
chicken
0:30 Loom
8:19 Feudal Age
10:57 Forging
18:58 Scale Barding Armor
Twister
0:32 Loom
10:05 Feudal Age
10:40 Double-Bit Axe
20:06 Castle Age
19:43 Gold Mining
20:15 Crossbowman
21:49 Fletching
21:59 Padded Archer Armor
24:01 Leather Archer Armor
The Potato King
0:28 Loom
8:19 Feudal Age
9:25 Double-Bit Axe
11:45 Scale Barding Armor
11:50 Forging
19:33 Castle Age
19:39 Light Cavalry
20:59 Gold Mining
21:47 Fletching
Earl J Turkey
0:31 Loom
10:02 Feudal Age
16:11 Fletching
17:33 Scale Barding Armor
22:41 Castle Age
22:37 Padded Archer Armor
23:17 Bodkin Arrow
Connection lost

Rejoining the realm…

Still unreachable

The connection could not be restored.

Session expired

The server has moved on; the page needs a fresh start.